 Seeded DCSS version 0.30-a0-222-ge547ba4400 (webtiles) character file.

Game seed: 13102143588985963117 (custom seed)

128 valliere the Digger (level 5, -1/28 HPs)
             Began as a Gargoyle Earth Elementalist on Oct 9, 2022.
             Slain by a wight
             ... wielding a +4 hand axe
              (8 damage)
             ... on level 2 of the Dungeon.
             The game lasted 00:07:29 (2446 turns).

valliere the Digger (Gargoyle Earth Elementalist)   Turns: 2446, Time: 00:07:30

Health: -1/28      AC:  6    Str: 18    XL:     5   Next: 11%
Magic:  0/9        EV: 12    Int: 17    God:
Gold:   173        SH:  0    Dex: 10    Spells: 5/9 levels left

rFire   . . .      SeeInvis .    g - +0 whip
rCold   . . .      Faith    .    (no shield)
rNeg    + . .      Spirit   .    a - +0 robe
rPois   ∞          Reflect  .    (no helmet)
rElec   +          Harm     .    (no cloak)
rCorr   .          Rampage  .    (no gloves)
Will    +....                    (no boots)
Stlth   ++........               (no amulet)
HPRegen 0.24/turn                i - ring of willpower
MPRegen 0.11/turn                j - +6 ring of strength

@: about to teleport
A: sickness immunity, AC +4, negative energy resistance 1, electricity
resistance, torment resistance 1, petrification resistance
a: no special abilities


You were on level 2 of the Dungeon.
You visited 1 branch of the dungeon, and saw 3 of its levels.

You collected 173 gold pieces.

Inventory:

Hand Weapons
 d - a +0 short sword
 g - a +0 whip (weapon)
Missiles
 e - 26 stones
Armour
 a - a +0 robe (worn)
Jewellery
 i - a ring of willpower (left hand)
 j - a +6 ring of strength (right hand)
Scrolls
 c - 2 scrolls of identify {unknown}
 f - a scroll of teleportation
 h - a scroll of blinking {unknown}
 l - a scroll of immolation {unknown}
 n - 2 scrolls of vulnerability {unknown}
Potions
 b - a potion of magic
 k - a potion of curing {unknown}
 m - 2 potions of flight {unknown}
 o - a potion of ambrosia {unknown}


   Skills:
 + Level 0.0 Fighting
 + Level 0.0 Armour
 - Level 2.3 Dodging
 + Level 3.2 Stealth
 - Level 2.7 Spellcasting
 + Level 0.0 Conjurations
 - Level 1.8 Transmutations
 + Level 4.4 Earth Magic


You had 5 spell levels left.
You knew the following spells:

 Your Spells              Type           Power      Damage    Failure   Level
a - Sandblast             Erth           34%        2d9       3%          1
b - Stone Arrow           Conj/Erth      18%        3d8       22%         3

Your spell library contained the following spells:

 Spells                   Type           Power      Damage    Failure   Level
 Passwall                 Tmut/Erth      10%        N/A       8%          2
 Petrify                  Tmut/Erth      12%        N/A       45%         4


Dungeon Overview and Level Annotations

Branches:
Dungeon (3/15)

Altars:

Shops:
D:1 *


Innate Abilities, Weirdness & Mutations

You are immune to sickness and miasma.
Your stone body is resilient. (AC +4)
You are immune to poison.
You resist negative energy. (rN+)
You are resistant to electric shocks. (rElec)
You are resistant to unholy torment.
You are immune to petrification.


Message History

Aiming: Stone Arrow (quite dangerous; 22% risk of failure)
Press: ? - help, Shift-Dir - straight line, f/p - wight
Aim: a wight, wielding a +2 morningstar of freezing and wearing a +0 robe (moderately damaged, 64% to hit)
The stone arrow hits the wight.
The wight is heavily damaged.
The wight barely misses you.
Casting: Stone Arrow (quite dangerous; 22% risk of failure)
Confirm with . or Enter, or press ? or * to list all spells.
You don't know that spell.
Casting: Stone Arrow (quite dangerous; 22% risk of failure)
Confirm with . or Enter, or press ? or * to list all spells.
Aiming: Sandblast (safe; 3% risk of failure)
Press: ? - help, Shift-Dir - straight line, f/p - wight
Aim: a wight, wielding a +2 morningstar of freezing and wearing a +0 robe (heavily damaged, 82% to hit)
The blast of sand hits the wight but does no damage.
The wight is heavily damaged.
The wight hits you with a +2 morningstar of freezing!
The wight freezes you.
Casting: Sandblast (safe; 3% risk of failure)
Confirm with . or Enter, or press ? or * to list all spells.
Aiming: Sandblast (safe; 3% risk of failure)
Press: ? - help, Shift-Dir - straight line, f/p - wight
Aim: a wight, wielding a +2 morningstar of freezing and wearing a +0 robe (heavily damaged, 82% to hit)
The blast of sand hits the wight.
The wight is heavily damaged.
The wight closely misses you. x2
Casting: Sandblast (safe; 3% risk of failure)
Confirm with . or Enter, or press ? or * to list all spells.
Aiming: Sandblast (safe; 3% risk of failure)
Press: ? - help, Shift-Dir - straight line, f/p - wight
Aim: a wight, wielding a +2 morningstar of freezing and wearing a +0 robe (heavily damaged, 82% to hit)
The blast of sand hits the wight but does no damage.
The wight is heavily damaged.
The wight closely misses you. The wight hits you with a +4 hand axe.
The wight barely misses you. The wight hits you with a +4 hand axe.
* * * LOW HITPOINT WARNING * * *
As you read the scroll labelled TOXORU BOMPABA, it crumbles to dust.
You feel strangely unstable.
It was a scroll of teleportation.
The wight barely misses you. The wight hits you with a +4 hand axe!
You die...

#...##.###.#....###....########
#...##.# #.#....#....#..)......
#...##.# #.#....#.#..#.########
#...##.###.#....#.#..#+#####
#...##.....................#
#...######..#.....##.......#
##........#..###..###.......#
#.........'..###.## #.......#
#.........##.##@z# #.#'#####
#.........##.##z## #.#.########
###.......##.#..# #.#.........
#.......##.>.## #.##########
#.......###[..# #...........
####.......###.#.# #..#########
...'.............# #..#
####.....P..PPP..# #..# #
#......P...♣P.# #..#


You could see 2 wights.

Vanquished Creatures
  A wight (D:2)
  4 dart slugs
  2 orcs
  2 ball pythons
  8 bats
  8 endoplasms
  4 giant cockroaches
  6 hobgoblins (D:2)
  2 quokkas
  5 frilled lizards
  11 goblins
  5 kobolds
  5 rats
63 creatures vanquished.

Notes
Turn   | Place    | Note
-------+----------+-------------------------------------------
     0 | D:1      | valliere the Gargoyle Earth Elementalist began the quest
                  | for the Orb.
     0 | D:1      | Reached XP level 1. HP: 10/10 MP: 3/3
     2 | D:1      | Noticed a ghoul
     4 | D:1      | Noticed a formicid
     6 | D:1      | Noticed a merfolk
     6 | D:1      | Noticed an octopode
     8 | D:1      | Noticed an armataur
     8 | D:1      | Noticed a demigod
    10 | D:1      | Noticed a draconian
    12 | D:1      | Noticed a gargoyle
    12 | D:1      | Noticed a naga
    14 | D:1      | Noticed a tengu
    14 | D:1      | Noticed a felid
    16 | D:1      | Noticed a troll
    16 | D:1      | Noticed a spriggan
    18 | D:1      | Noticed a meteoran
    18 | D:1      | Noticed a minotaur
    20 | D:1      | Noticed an ogre
    20 | D:1      | Noticed a vine stalker
    22 | D:1      | Noticed a human
    22 | D:1      | Noticed a demonspawn
    24 | D:1      | Noticed an elf
    24 | D:1      | Noticed an ogre
    26 | D:1      | Noticed a formicid
    26 | D:1      | Noticed an elf
   145 | D:1      | Reached skill level 1 in Transmutations
   145 | D:1      | Reached XP level 2. HP: 15/15 MP: 1/5
   576 | D:1      | Found Haorhuyl's General Store.
   583 | D:1      | Reached XP level 3. HP: 17/19 MP: 1/6
   923 | D:1      | Reached skill level 4 in Earth Magic
  1250 | D:2      | Found a faded altar of an unknown god.
  1873 | D:2      | Reached XP level 4. HP: 24/24 MP: 4/7
  2337 | D:2      | Reached XP level 5. HP: 6/28 MP: 2/9
  2432 | D:2      | Learned a level 3 spell: Stone Arrow
  2446 | D:2      | Slain by a wight

Illustrated notes

Levels and vault maps discovered:
D:1:      kb_arrival_jail, layout_basic, serial_shops, shop, st_stairs_2,
          hex_intersection, dreamdust_princess_bridge, minmay_box_of_dots
D:2:      cheibrodos_greedy_goblins, layout_basic,
          dreamdust_ecumenical_altar_grove
D:3:      layout_basic, nicolae_overflow_hallway_of_the_gods, uniq_ijyb

Skill      XL: |  1  2  3  4 |
---------------+-------------+-----
Transmutations | 1 |  1.8
Earth Magic    | 4 |  4.4
Dodging        | 2 |  2.3
Stealth        | 3 |  3.2
Spellcasting   | |  2.7

Action                   |  1- 3 |  4- 6 || total
-------------------------+-------+-------++-------
Melee: Unarmed           |     8 |       ||     8
       Whip              |       |    15 ||    15
 Cast: Sandblast         |    62 |    23 ||    85
       Stone Arrow       |       |     2 ||     2
  Use: Scroll            |       |     1 ||     1
Armor: Robe              |    13 |     7 ||    20
Dodge: Dodged            |    24 |    25 ||    49

Table legend: (Time is in decaauts)
 A = Elapsed time spent in this place.
 B = Non-inter-level travel time spent in this place.
 C = Inter-level travel time spent in this place.
 D = Time resting spent in this place.
 E = Time spent auto-exploring this place.
 F = Levels seen in this place.
 G = Mean time per level.
                   A        B        C        D        E       F      G
               +--------+--------+--------+--------+--------+-----+--------+
         Total |   2489 |   2387 |    102 |     96 |   1915 |   3 |  829.7 |
       Dungeon |   2489 |   2387 |    102 |     96 |   1915 |   3 |  829.7 |
               +--------+--------+--------+--------+--------+-----+--------+

Top non-repeatable levels by time:
     D:1: 1227 daAuts
     D:2: 1155 daAuts
     D:3: 106 daAuts
